[Event "Titled Tuesday Blitz July 4 Late 2023"]
[White "Galperin, Platon"]
[Black "Karas, Marek"]
[WhiteFideId "14165414"]
[BlackFideId "14928558"]
[WhiteElo "2956"]
[BlackElo "2446"]
[Result "1-0"]
[Round "3"]
[TimeControl "180+2"]
[Date "2023.07.04"]
[WhiteClock "0:00:16"]
[BlackClock "0:00:00"]
[Board "148"]

1. d4 Nf6 2. c4 e6 3. Nf3 d5 4. g3 Bb4+ 5. Nbd2 O-O 6. Bg2 c6 7. O-O Nbd7 8. Qc2 b6 9. Rd1 Bb7 10. e4 Rc8 11. a3 Be7 12. b4 c5 13. e5 Ne8 14. bxc5 bxc5 15. Rb1 Nb6 16. a4 dxc4 17. a5 Bxf3 18. Bxf3 Nd5 19. Nxc4 cxd4 20. Rxd4 Bc5 21. Rd1 Nec7 22. Be4 g6 23. Bh6 Re8 24. Qd2 Qe7 25. Rb7 Rb8 26. Nd6 Rxb7 27. Nxb7 Bb4 28. Qe2 Nc3 29. Qf3 Nxd1 30. Qxd1 Nd5 31. a6 Nc3 32. Qf3 Nxe4 33. Qxe4 Rc8 34. Be3 Qc7 35. Qxb4 Qc6 36. Qd6 Qf3 37. Nc5 Qc6 38. Qe7 Qf3 39. Qxa7 Qd1+ 40. Kg2 Qd5+ 41. f3 Qxe5 42. Bf2 Rd8 43. Ne4 Qb2 44. Qb6 Qa1 45. Qxd8+ 1-0


[Site "https://www.chess.com"]

[Event "Titled Tuesday Blitz July 4 Late 2023"]
[White "Gardezi, Arsal"]
[Black "Rasulov, Vugar"]
[WhiteFideId "30949521"]
[BlackFideId "13402390"]
[WhiteElo "2200"]
[BlackElo "2902"]
[Result "1/2-1/2"]
[Round "3"]
[TimeControl "180+2"]
[Date "2023.07.04"]
[WhiteClock "0:00:22"]
[BlackClock "0:02:07"]
[Board "149"]

1. e4 Nf6 2. e5 Ng8 3. d4 d6 4. exd6 cxd6 5. c4 Nf6 6. Nc3 g6 7. Nf3 Bg7 8. h3 O-O 9. Be3 d5 10. cxd5 Nxd5 11. Bc4 Nb6 12. Bb3 Nc6 13. O-O Bf5 14. d5 Na5 15. Bd4 Rc8 16. Bxg7 Kxg7 17. Nd4 Bd7 18. Qe2 Re8 19. Rfe1 Qc7 20. Rac1 Qf4 21. Rcd1 Nxb3 22. Nxb3 Kg8 23. Rd4 Qg5 24. h4 Qf6 25. h5 Qg5 26. hxg6 hxg6 27. Ne4 Qf5 28. d6 exd6 29. Qd1 Nc4 30. Rd5 Re5 31. Rxe5 Qxe5 32. Qf3 Bf5 33. Qc3 Qxc3 34. Nxc3 Nxb2 35. Nb5 Nd3 36. Re7 Rc1+ 37. Kh2 Rc2 38. Nxd6 Be6 39. Nd4 Rxf2 40. Nxe6 fxe6 41. Rxe6 Nf4 42. Re8+ Kg7 43. Kg3 Rf1 44. Re7+ Kf6 45. Rf7+ Ke5 46. Nc4+ Kd4 47. Rxf4+ Rxf4 48. Kxf4 Kxc4 49. g4 b5 50. Kg5 a5 51. Kxg6 b4 52. Kh6 a4 53. g5 b3 54. axb3+ axb3 55. g6 b2 56. g7 b1=Q 57. g8=Q+ Kc3 58. Qg7+ Kd2 59. Qg5+ Kc3 60. Qe5+ Kd2 61. Qf4+ Kc3 62. Qe5+ Kd2 63. Qf4+ Kc3 64. Qe5+ 1/2-1/2


[Site "https://www.chess.com"]

[Event "Titled Tuesday Blitz July 4 Late 2023"]
[White "Kukavica, Tony"]
[Black "Skvortsov, Andrei"]
[WhiteFideId "2062542"]
[BlackFideId "24108600"]
[WhiteElo "2303"]
[BlackElo "2642"]
[Result "0-1"]
[Round "3"]
[TimeControl "180+2"]
[Date "2023.07.04"]
[WhiteClock "0:00:01"]
[BlackClock "0:00:28"]
[Board "150"]

1. Nf3 g6 2. d4 Bg7 3. e4 a6 4. a4 e6 5. c3 d5 6. exd5 exd5 7. Bd3 Nc6 8. h3 Nge7 9. O-O Bf5 10. Be3 Bxd3 11. Qxd3 O-O 12. Qd2 Nf5 13. Bg5 Qd7 14. Qf4 Rfe8 15. g4 Nd6 16. Bh6 Re4 17. Qc1 Bh8 18. Nbd2 Ree8 19. Re1 Rxe1+ 20. Qxe1 Re8 21. Qf1 Ne4 22. Re1 Nxd2 23. Nxd2 Rxe1 24. Qxe1 Bg7 25. Bxg7 Kxg7 26. Nf3 f6 27. Kg2 Nd8 28. g5 Nf7 29. gxf6+ Kxf6 30. Ne5 Nxe5 31. Qxe5+ Kf7 32. a5 Qe7 33. Qf4+ Kg7 34. Qg4 c6 35. Qf4 h6 36. b4 Qd7 37. Qe5+ Kh7 38. Qf6 h5 39. h4 Qc7 40. f4 Qd7 41. Kf2 Qe8 42. Qe5 Qf7 43. Kf3 Qd7 44. Qg5 Kg7 45. Kg3 Kf7 46. Qe5 Qg4+ 47. Kf2 Qxh4+ 48. Kf3 Qe7 49. Qb8 Kg7 50. Qe5+ Qf6 51. Qc7+ Qf7 52. Qe5+ Kh7 53. Kg3 Qd7 54. Qg5 Qe6 55. Qe5 Qf7 56. Qb8 g5 57. fxg5 Kg6 58. Qe5 Qf5 59. Qc7 Qxg5+ 60. Kh2 Qd2+ 61. Kg1 Qe3+ 62. Kh2 Qf2+ 63. Kh1 Qf7 64. Qd6+ Kf5 65. Qe5+ Kg4 66. Qe2+ Qf3+ 67. Qxf3+ Kxf3 68. Kh2 Ke3 69. c4 dxc4 70. b5 axb5 71. d5 cxd5 72. a6 bxa6 0-1


[Site "https://www.chess.com"]

[Event "Titled Tuesday Blitz July 4 Late 2023"]
[White "Spata, German"]
[Black "Lach, Aleksandra"]
[WhiteFideId "113026"]
[BlackFideId "1134299"]
[WhiteElo "2634"]
[BlackElo "2301"]
[Result "0-1"]
[Round "3"]
[TimeControl "180+2"]
[Date "2023.07.04"]
[WhiteClock "0:00:59"]
[BlackClock "0:00:35"]
[Board "151"]

1. Nf3 d6 2. e3 e5 3. d4 e4 4. Nfd2 d5 5. c4 c6 6. Nc3 Nf6 7. Rb1 Be7 8. b4 O-O 9. b5 Be6 10. Be2 Nbd7 11. O-O Nb6 12. a4 a5 13. Qb3 Bb4 14. c5 Nbd7 15. Na2 Bxd2 16. Bxd2 Ng4 17. h3 Nh6 18. bxc6 bxc6 19. Qb7 Rc8 20. Qa6 Qg5 21. Kh1 Qh4 22. Kh2 Nf6 23. f3 exf3 24. Bxf3 Nh5 25. Be1 Qg5 26. Qe2 Nf6 27. Bxa5 Rfe8 28. Bd2 Ne4 29. Bxe4 dxe4 30. Nb4 Qh4 31. Qf2 Ng4+ 32. Kg1 Nxf2 33. Rxf2 f5 34. Be1 Qg5 35. Bd2 Rb8 36. a5 Bc4 37. Rb2 Bb5 38. a6 Ra8 39. Ra2 Ra7 40. d5 cxd5 41. Nxd5 Bc4 42. h4 Qd8 0-1


[Site "https://www.chess.com"]

[Event "Titled Tuesday Blitz July 4 Late 2023"]
[White "Freile Martin, Javier"]
[Black "Thomforde-Toates, Noah"]
[WhiteFideId "3600165"]
[BlackFideId "30951992"]
[WhiteElo "2294"]
[BlackElo "2632"]
[Result "0-1"]
[Round "3"]
[TimeControl "180+2"]
[Date "2023.07.04"]
[WhiteClock "0:01:41"]
[BlackClock "0:02:32"]
[Board "152"]

1. c4 Nf6 2. Nc3 g6 3. d4 d6 4. e4 Bg7 5. Be2 O-O 6. Nf3 e5 7. O-O exd4 8. Nxd4 Re8 9. f3 c6 10. Kh1 Nbd7 11. Bg5 Qb6 12. Nb3 a5 13. Na4 Qb4 14. Nc1 Nc5 15. Nxc5 Qxc5 16. Nb3 Qxg5 0-1


[Site "https://www.chess.com"]

[Event "Titled Tuesday Blitz July 4 Late 2023"]
[White "Vlassov, Nikolai"]
[Black "Alexikov, Alexander"]
[WhiteFideId "4103360"]
[BlackFideId "14103958"]
[WhiteElo "2571"]
[BlackElo "2293"]
[Result "1-0"]
[Round "3"]
[TimeControl "180+2"]
[Date "2023.07.04"]
[WhiteClock "0:00:11"]
[BlackClock "0:00:00"]
[Board "153"]

1. e4 c5 2. c3 Nf6 3. e5 Nd5 4. d4 cxd4 5. cxd4 d6 6. Bc4 Nb6 7. Bb3 dxe5 8. Qh5 e6 9. dxe5 Nc6 10. Nc3 g6 11. Qg5 Qxg5 12. Bxg5 Bg7 13. Bf6 O-O 14. Nf3 Nd7 15. Bxg7 Kxg7 16. O-O-O Ndxe5 17. Nxe5 Nxe5 18. Rhe1 Nc6 19. Rd6 Kf6 20. Nd5+ Kg7 21. Nc7 Rb8 22. Red1 a6 23. Ba4 b5 24. Rxc6 bxa4 25. Nxa6 Bxa6 26. Rxa6 Rfc8+ 27. Kb1 Rc4 28. Ra7 Rcb4 29. Rd2 h5 30. a3 Rf4 31. f3 h4 32. h3 Rb5 33. Rad7 g5 34. R7d4 Rxd4 35. Rxd4 Ra5 36. f4 Kg6 37. Kc2 e5 38. fxe5 Kf5 39. Rg4 Rxe5 40. Kc3 Ra5 41. Kb4 Ra7 42. Kb5 Rb7+ 43. Kxa4 Rxb2 44. Ka5 Ra2 45. a4 Kg6 46. Kb5 f5 47. Rb4 Kh5 48. a5 g4 49. a6 g3 50. Ra4 Rb2+ 51. Kc6 Rb8 52. a7 1-0


[Site "https://www.chess.com"]

[Event "Titled Tuesday Blitz July 4 Late 2023"]
[White "Vaglio Munoz, Jaime"]
[Black "Palencia Morales, Wilson Guillermo"]
[WhiteFideId "6500145"]
[BlackFideId "4401859"]
[WhiteElo "2287"]
[BlackElo "2555"]
[Result "1-0"]
[Round "3"]
[TimeControl "180+2"]
[Date "2023.07.04"]
[WhiteClock "0:00:59"]
[BlackClock "0:00:00"]
[Board "154"]

1. Nf3 c5 2. c4 g6 3. b3 Bg7 4. Nc3 Nf6 5. Bb2 O-O 6. g3 Ne4 7. Rc1 Nf6 8. Bg2 Nc6 9. O-O d6 10. e3 Bg4 11. h3 Bd7 12. d4 Rc8 13. d5 Na5 14. Rc2 a6 15. e4 b5 16. Nd2 Rb8 17. Ba1 Qc8 18. Kh2 e6 19. f4 exd5 20. e5 dxe5 21. fxe5 Nh5 22. Nxd5 Re8 23. Nf3 bxc4 24. bxc4 Ba4 25. Qd2 Bxc2 26. Qxc2 Qf5 27. Qa4 Nb7 28. g4 Qd3 29. gxh5 Re6 30. Qd7 Qxc4 31. Ng5 Nd8 32. Nxe6 Nxe6 33. Qxf7+ 1-0


[Site "https://www.chess.com"]

[Event "Titled Tuesday Blitz July 4 Late 2023"]
[White "Aggelis, Nikolaos"]
[Black "CarolinaLujan"]
[WhiteFideId "4213220"]
[WhiteElo "2522"]
[BlackElo "2286"]
[Result "1-0"]
[Round "3"]
[TimeControl "180+2"]
[Date "2023.07.04"]
[WhiteClock "0:01:52"]
[BlackClock "0:00:16"]
[Board "155"]

1. c4 Nf6 2. g3 g6 3. Bg2 d5 4. Nf3 dxc4 5. O-O c6 6. Na3 Be6 7. Ng5 Bd5 8. e4 h6 9. exd5 hxg5 10. dxc6 Nxc6 11. Nxc4 Qd4 12. d3 Rd8 13. Bxg5 Qxd3 14. Qxd3 Rxd3 15. Rad1 Rxd1 16. Rxd1 Bg7 17. Bxc6+ bxc6 18. Na5 Ne4 19. Nxc6 O-O 20. Bxe7 Rc8 21. Rd8+ Rxd8 22. Bxd8 Bxb2 23. Nxa7 Bd4 24. Nb5 Bxf2+ 25. Kg2 Be1 26. Kf3 Nc5 27. Bb6 Na4 28. Bd4 Kf8 29. Ke4 Ke7 30. Kd5 Kd7 31. g4 Bd2 32. h4 f5 33. gxf5 gxf5 34. h5 Bg5 35. Ke5 f4 36. Kf5 Bh6 37. Kg6 Bf8 38. h6 f3 39. h7 Bc5 40. h8=Q 1-0


[Site "https://www.chess.com"]

[Event "Titled Tuesday Blitz July 4 Late 2023"]
[White "Francisco Guecamburu, Candela Be"]
[Black "Zampronha, Wladimir Camilo"]
[WhiteFideId "160911"]
[BlackFideId "2103087"]
[WhiteElo "2522"]
[BlackElo "2282"]
[Result "1-0"]
[Round "3"]
[TimeControl "180+2"]
[Date "2023.07.04"]
[WhiteClock "0:01:42"]
[BlackClock "0:01:51"]
[Board "156"]

1. e4 c5 2. Nf3 e6 3. d4 cxd4 4. Nxd4 Nc6 5. Nf3 d6 6. Bd3 Nf6 7. O-O g6 8. Qe2 Bg7 9. Rd1 Qc7 10. c4 O-O 11. Nc3 a6 12. Bc2 Ne5 13. Nxe5 dxe5 14. b3 b5 15. Ba3 Re8 16. Bd6 Qb7 17. Bxe5 b4 18. Na4 Nd7 19. Bxg7 Kxg7 20. Rd6 Ne5 21. f4 Nc6 22. Rad1 Ne7 23. Qd2 Rb8 24. Qd4+ Kg8 25. Nc5 Qa7 26. Nxe6 Bxe6 27. Qxa7 1-0


[Site "https://www.chess.com"]

[Event "Titled Tuesday Blitz July 4 Late 2023"]
[White "Tan, Ralph"]
[Black "Schut, Han"]
[WhiteFideId "30966590"]
[BlackFideId "1005561"]
[WhiteElo "2504"]
[BlackElo "2281"]
[Result "1-0"]
[Round "3"]
[TimeControl "180+2"]
[Date "2023.07.04"]
[WhiteClock "0:01:43"]
[BlackClock "0:00:49"]
[Board "157"]

1. e4 c5 2. Nf3 d6 3. d4 cxd4 4. Nxd4 Nf6 5. Nc3 a6 6. Be2 e5 7. Nb3 Be7 8. O-O Be6 9. Be3 Nbd7 10. h3 Rc8 11. Bf3 Qc7 12. Rc1 O-O 13. Nd5 Bxd5 14. exd5 e4 15. Be2 Ne5 16. c4 b6 17. Bf4 Nfd7 18. Nd4 h6 19. Nf5 Bg5 20. Bxg5 hxg5 21. Ne7+ Kh8 22. Nxc8 Qxc8 23. Qd2 Qd8 24. b4 a5 25. a3 axb4 26. axb4 f5 27. f4 exf3 28. Bxf3 g4 29. hxg4 fxg4 30. Be4 Qh4 31. Rxf8+ Nxf8 32. Qf4 Nfg6 33. Bxg6 Nxg6 34. Qh2 1-0


[Site "https://www.chess.com"]

[Event "Titled Tuesday Blitz July 4 Late 2023"]
[White "Deng, Henry"]
[Black "Antonio, Jorge Carlos"]
[WhiteFideId "30965454"]
[BlackFideId "113190"]
[WhiteElo "2494"]
[BlackElo "2280"]
[Result "0-1"]
[Round "3"]
[TimeControl "180+2"]
[Date "2023.07.04"]
[WhiteClock "0:00:44"]
[BlackClock "0:01:39"]
[Board "158"]

1. e4 c5 2. Nc3 e6 3. d4 cxd4 4. Qxd4 Nc6 5. Qe3 Nf6 6. Nf3 Bb4 7. Bd2 d6 8. O-O-O O-O 9. a3 Ba5 10. h3 Bb6 11. Qe1 e5 12. Bg5 Ba5 13. b4 Nxb4 14. axb4 Bxb4 15. Bd2 Qa5 16. Nb1 Ba3+ 17. Nxa3 Qxa3+ 18. Kb1 Be6 19. c4 Qb3+ 20. Ka1 b5 21. Bc3 Qa3+ 22. Kb1 bxc4 23. Kc2 Rab8 24. Ra1 Qb3+ 25. Kc1 Nxe4 0-1


[Site "https://www.chess.com"]

[Event "Titled Tuesday Blitz July 4 Late 2023"]
[White "Liu, Casper"]
[Black "Sokolov, Andrei"]
[WhiteFideId "1454153"]
[BlackFideId "11600306"]
[WhiteElo "2492"]
[BlackElo "2273"]
[Result "1-0"]
[Round "3"]
[TimeControl "180+2"]
[Date "2023.07.04"]
[WhiteClock "0:01:27"]
[BlackClock "0:00:02"]
[Board "159"]

1. b4 d5 2. Bb2 Bf5 3. Nf3 e6 4. a3 c6 5. g3 Bd6 6. Bg2 Nf6 7. O-O O-O 8. d3 Nbd7 9. Nbd2 Re8 10. Re1 Bg6 11. c4 e5 12. cxd5 cxd5 13. Qb3 e4 14. dxe4 dxe4 15. Nh4 Rc8 16. Rad1 Be5 17. Bxe5 Rxe5 18. Nc4 Re6 19. Bh3 Re7 20. Nd6 Rc7 21. Rd4 Qb8 22. Red1 Nf8 23. Nb5 Rc6 24. Rd8 Qe5 25. Nxa7 Ra6 26. Nc8 Rc7 27. b5 Ra5 28. Qb4 Ne8 29. Qxa5 Rc5 30. Qb4 Rxb5 31. Rxe8 Qxe8 32. Ne7+ Kh8 33. Qd6 Rb2 34. Qd8 Qxd8 35. Rxd8 h6 36. Rxf8+ Kh7 37. Nhxg6 fxg6 38. Be6 g5 39. Bg8+ Kh8 40. Bf7+ Kh7 41. Bg6# 1-0


[Site "https://www.chess.com"]

[Event "Titled Tuesday Blitz July 4 Late 2023"]
[White "Santos, Rafael Ventura Dos"]
[Black "a-z30"]
[WhiteFideId "2122227"]
[WhiteElo "2269"]
[BlackElo "2491"]
[Result "1/2-1/2"]
[Round "3"]
[TimeControl "180+2"]
[Date "2023.07.04"]
[WhiteClock "0:00:49"]
[BlackClock "0:00:07"]
[Board "160"]

1. d4 d5 2. c4 e6 3. Nc3 Bb4 4. cxd5 exd5 5. Nf3 Nf6 6. Bg5 h6 7. Bh4 O-O 8. e3 Bf5 9. Bd3 Bxd3 10. Qxd3 c6 11. O-O Nbd7 12. a3 Be7 13. Ne5 Nxe5 14. dxe5 Nd7 15. Bxe7 Qxe7 16. f4 f6 17. exf6 Nxf6 18. Rae1 Rae8 19. Kh1 Ne4 20. Ne2 Qh4 21. g3 Qh3 22. Rf3 h5 23. Ng1 Qg4 24. Kg2 h4 25. h3 Qd7 26. g4 Re7 27. Ne2 Rfe8 28. Nd4 Nd6 29. f5 Ne4 30. Ne6 Qd6 31. Ref1 Nc5 32. Nxc5 Qxc5 33. f6 Rf7 34. fxg7 Ree7 35. Qg6 Rxf3 36. Rxf3 Rxg7 37. Qe8+ Kh7 38. Qh5+ Kg8 39. Qxh4 Qc2+ 40. Rf2 Qe4+ 41. Kh2 Qxe3 42. Qf6 Kh7 43. Qf4 Qxf4+ 44. Rxf4 Re7 45. Rf2 Kg7 46. Kg3 Rd7 47. h4 c5 48. h5 d4 49. g5 d3 50. Rd2 c4 51. Kf3 b5 52. Ke4 a5 53. Kf5 b4 54. axb4 axb4 55. h6+ Kh7 56. Kf6 c3 57. bxc3 bxc3 58. Rh2 d2 59. g6+ Kh8 60. Re2 Rd8 61. Re7 d1=Q 62. Rh7+ Kg8 63. Rg7+ Kh8 64. Rh7+ Kg8 65. Rg7+ Kh8 66. Rh7+ 1/2-1/2


[Site "https://www.chess.com"]

[Event "Titled Tuesday Blitz July 4 Late 2023"]
[White "Lopez Gracia, Fernando"]
[Black "Barwinska, Ewa"]
[WhiteFideId "2207184"]
[BlackFideId "21833761"]
[WhiteElo "2450"]
[BlackElo "2263"]
[Result "0-1"]
[Round "3"]
[TimeControl "180+2"]
[Date "2023.07.04"]
[WhiteClock "0:00:13"]
[BlackClock "0:00:05"]
[Board "161"]

1. e4 e6 2. d4 d5 3. Nd2 dxe4 4. Nxe4 Nd7 5. Bd3 Ngf6 6. Nf3 Nxe4 7. Bxe4 Nf6 8. Bd3 Be7 9. O-O Bd7 10. Ne5 O-O 11. c3 c5 12. Nxd7 Qxd7 13. dxc5 Rfd8 14. Bc2 Bxc5 15. Qe2 Be7 16. Bf4 Qc6 17. Rad1 h6 18. h3 Rxd1 19. Rxd1 Nd5 20. Bc1 Rd8 21. Re1 Nf6 22. Rd1 Rxd1+ 23. Qxd1 Qd6 24. Qxd6 Bxd6 25. Kf1 Kf8 26. Ke2 Ke7 27. Be3 b6 28. g3 Nd5 29. Bd2 e5 30. Bb3 Nc7 31. Kf3 f5 32. g4 e4+ 33. Ke3 g6 34. Bc2 Kf6 35. Ke2 h5 36. gxh5 gxh5 37. f3 Ke5 38. Bh6 Ne6 39. fxe4 fxe4 40. b4 Nf4+ 41. Ke3 Nd5+ 42. Kd2 Kf5 43. a3 Bf4+ 44. Bxf4 Kxf4 45. c4 e3+ 46. Kd3 Ne7 47. Bd1 Nc6 48. Bxh5 Ne5+ 49. Ke2 Nxc4 50. a4 Nb2 51. Be8 Nc4 52. Bb5 Nd6 53. Bd3 Nf7 54. h4 Nh6 55. h5 Ng4 56. Bb5 Nh6 57. Bd7 Ke4 58. Be6 Kf4 59. Bd5 Nf5 60. Bc4 Ng3+ 61. Kd3 Nxh5 62. Bd5 Nf6 63. Bc4 Ng4 64. Kd4 Nf2 65. a5 bxa5 66. bxa5 Kf3 67. Kc5 Ne4+ 68. Kb5 Nd6+ 69. Ka6 Nxc4 70. Kxa7 Nxa5 71. Kb8 Nc4 0-1


[Site "https://www.chess.com"]

[Event "Titled Tuesday Blitz July 4 Late 2023"]
[White "Guimaraes, Wagner Peixoto"]
[Black "Nunez V, Gustavo Eduardo"]
[WhiteFideId "2100940"]
[BlackFideId "4403690"]
[WhiteElo "2262"]
[BlackElo "2450"]
[Result "0-1"]
[Round "3"]
[TimeControl "180+2"]
[Date "2023.07.04"]
[WhiteClock "0:00:01"]
[BlackClock "0:00:58"]
[Board "162"]

1. e4 c5 2. Nf3 Nc6 3. d4 cxd4 4. Nxd4 e5 5. Nb5 a6 6. Nd6+ Bxd6 7. Qxd6 Qf6 8. Qd1 Qg6 9. Nc3 Nge7 10. h4 h5 11. Be3 d5 12. exd5 Nb4 13. Bd3 Nxd3+ 14. Qxd3 Qxg2 15. O-O-O Bf5 16. Qc4 Rc8 17. Qa4+ Bd7 18. Qe4 Qxe4 19. Nxe4 O-O 20. Nc5 Bg4 21. d6 Nf5 22. d7 Rb8 23. Rd2 Nxe3 24. fxe3 Rfd8 25. Re1 b6 26. Nxa6 Rb7 27. Rd5 Rbxd7 28. Rxd7 Rxd7 29. Nb4 f6 30. b3 g5 31. hxg5 fxg5 32. c4 Kg7 33. Nd5 b5 34. Kb2 Be6 35. Nb6 Rd2+ 36. Kc3 Rxa2 37. cxb5 h4 38. Nc4 h3 39. b6 Bd5 40. Rd1 Bf3 41. Rf1 h2 42. Nxe5 h1=Q 43. Rxh1 Bxh1 0-1


[Site "https://www.chess.com"]

[Event "Titled Tuesday Blitz July 4 Late 2023"]
[White "QuiesPrecatio"]
[Black "Modric, Nesa"]
[BlackFideId "922579"]
[WhiteElo "2448"]
[BlackElo "2256"]
[Result "1-0"]
[Round "3"]
[TimeControl "180+2"]
[Date "2023.07.04"]
[WhiteClock "0:00:03"]
[BlackClock "0:00:00"]
[Board "163"]

1. e4 d5 2. exd5 Qxd5 3. Nc3 Qa5 4. d4 c6 5. Nf3 Nf6 6. Bc4 Bf5 7. O-O e6 8. Re1 Bb4 9. Bd2 O-O 10. a3 Bxc3 11. Bxc3 Qc7 12. Ne5 Nbd7 13. Qe2 Nxe5 14. dxe5 Ne4 15. Bd3 Nxc3 16. bxc3 Bxd3 17. cxd3 Rad8 18. d4 Rd5 19. Red1 Rfd8 20. Qe3 c5 21. h4 cxd4 22. cxd4 Qc4 23. Rac1 Qa4 24. Qf3 Rxd4 25. Rxd4 Qxd4 26. Qxb7 Qxe5 27. Qd7 Qe1+ 28. Kh2 Qe5+ 29. g3 Qf6 30. Qxa7 h6 31. Qe3 Qb2 32. Kg2 Qb7+ 33. Kh2 Rc8 34. Rxc8+ Qxc8 35. a4 Qa6 36. Qd4 h5 37. Qb4 Qe2 38. Qb8+ Kh7 39. Qf4 f5 40. a5 Qa2 41. Qe3 Qxa5 42. Qxe6 Qc5 43. Kg2 g6 44. Qf7+ Kh6 45. Qf6 Kh7 46. Qf7+ Kh6 47. Qg8 Qc6+ 48. Kh2 1-0


[Site "https://www.chess.com"]

[Event "Titled Tuesday Blitz July 4 Late 2023"]
[White "Uzcategui Rodriguez, Alejandro"]
[Black "Kohler, Aran"]
[WhiteFideId "3903400"]
[BlackFideId "1002856"]
[WhiteElo "2443"]
[BlackElo "2255"]
[Result "1-0"]
[Round "3"]
[TimeControl "180+2"]
[Date "2023.07.04"]
[WhiteClock "0:00:53"]
[BlackClock "0:00:26"]
[Board "164"]

1. e4 c6 2. d4 d5 3. exd5 cxd5 4. Bd3 a6 5. c3 Nc6 6. Bf4 Nf6 7. h3 g6 8. Nf3 Bg7 9. O-O O-O 10. Na3 Ne4 11. Bxe4 dxe4 12. Nd2 f5 13. Nac4 b5 14. Ne3 e5 15. dxe5 Nxe5 16. Bxe5 Bxe5 17. a4 b4 18. Qb3+ Kh8 19. Qxb4 Rb8 20. Qc5 Bg7 21. Rad1 Qh4 22. Qd6 Bb7 23. Ndc4 f4 24. Ng4 h5 25. Nge5 Rf6 26. Nxg6+ Rxg6 27. Qxg6 Rg8 28. Ne5 Rf8 29. Rd7 Qf6 30. Qxf6 1-0


[Site "https://www.chess.com"]

[Event "Titled Tuesday Blitz July 4 Late 2023"]
[White "texie1"]
[Black "Clawitter, Craig"]
[BlackFideId "2023105"]
[WhiteElo "2432"]
[BlackElo "2237"]
[Result "0-1"]
[Round "3"]
[TimeControl "180+2"]
[Date "2023.07.04"]
[WhiteClock "0:00:22"]
[BlackClock "0:00:12"]
[Board "165"]

1. Nf3 Nf6 2. c4 e6 3. e3 d5 4. b3 c5 5. Bb2 Nc6 6. cxd5 exd5 7. d4 Be7 8. Be2 O-O 9. O-O Bf5 10. Nbd2 h6 11. Rc1 cxd4 12. Nxd4 Nxd4 13. Bxd4 Rc8 14. Nf3 Rxc1 15. Qxc1 Ne4 16. Qa1 Bf6 17. Rd1 Qa5 18. Bxf6 Nxf6 19. h3 Rc8 20. Nd4 Bg6 21. Bf3 Be4 22. Qb2 Bxf3 23. Nxf3 Ne4 24. a3 Qc3 25. Qxc3 Rxc3 26. Nd4 Nc5 27. Rb1 a6 28. Kf1 Ne6 29. Nxe6 fxe6 30. Ke2 Rc2+ 31. Kf3 Kf7 32. Rd1 Rc3 33. Rb1 e5 34. Ke2 Rc2+ 35. Kf3 h5 36. g4 h4 37. g5 Ke6 38. Kg4 Rxf2 39. Kxh4 Rf3 40. Kg4 Rxe3 41. h4 d4 42. h5 d3 43. h6 gxh6 44. gxh6 Re4+ 45. Kg5 Re2 46. Rh1 Rg2+ 47. Kh5 Rg8 48. h7 Rh8 49. Kh6 e4 50. Kg7 Rxh7+ 51. Kxh7 e3 52. Rh3 e2 53. Re3+ Kf5 54. Kg7 Kf4 55. Re8 Kf3 56. Kf7 d2 57. Rd8 d1=Q 58. Re8 e1=Q 59. Re6 Qxe6+ 60. Kxe6 Qxb3+ 61. Kd6 Qxa3+ 62. Kc7 Qb3 63. Kb8 b5 64. Ka7 b4 65. Kb8 Qc3 0-1


[Site "https://www.chess.com"]

[Event "Titled Tuesday Blitz July 4 Late 2023"]
[White "Sukandar, Irine Kharisma"]
[Black "Mendez Machado, Andre"]
[WhiteFideId "7101937"]
[BlackFideId "6603793"]
[WhiteElo "2424"]
[BlackElo "2234"]
[Result "0-1"]
[Round "3"]
[TimeControl "180+2"]
[Date "2023.07.04"]
[WhiteClock "0:00:00"]
[BlackClock "0:00:02"]
[Board "166"]

1. d4 Nf6 2. Bf4 d5 3. e3 e6 4. Nd2 Bd6 5. Ngf3 O-O 6. Bd3 c5 7. dxc5 Bxc5 8. O-O Re8 9. c4 Nc6 10. Bg3 d4 11. exd4 Nxd4 12. Nxd4 Bxd4 13. Qc2 b6 14. Rad1 Bb7 15. Nb3 e5 16. Rfe1 Kh8 17. Nxd4 exd4 18. Be5 Ng4 19. Bg3 Qf6 20. h3 Qc6 21. Bf1 Nf6 22. Rxe8+ Rxe8 23. Rxd4 Re1 24. Rd8+ Ne8 25. Rd5 Nf6 26. Rd8+ Ne8 27. f3 Re7 28. Qf2 h6 29. Bh4 Re6 30. b4 Qc7 31. Rd1 Kh7 32. Bd3+ g6 33. c5 b5 34. Bxb5 Ng7 35. Bg3 Qc8 36. Bd7 Qd8 0-1


[Site "https://www.chess.com"]

[Event "Titled Tuesday Blitz July 4 Late 2023"]
[White "Silva Lucena, Cristian"]
[Black "Schachpanda_Youtube"]
[WhiteFideId "2232588"]
[WhiteElo "2400"]
[BlackElo "2216"]
[Result "1/2-1/2"]
[Round "3"]
[TimeControl "180+2"]
[Date "2023.07.04"]
[WhiteClock "0:00:16"]
[BlackClock "0:00:12"]
[Board "167"]

1. Nf3 d5 2. e3 Nf6 3. c4 e6 4. Nc3 Be7 5. Be2 O-O 6. O-O b6 7. cxd5 Nxd5 8. a3 Bb7 9. d4 c5 10. dxc5 Bxc5 11. Qc2 Nxc3 12. Qxc3 Qc7 13. b4 Bd6 14. Qxc7 Bxc7 15. Bb2 Nd7 16. Rac1 Rac8 17. Rfd1 Nf6 18. Ne5 Rfd8 19. f3 Rxd1+ 20. Rxd1 Kf8 21. Bb5 Ke7 22. Rd2 Nd5 23. e4 Nf6 24. Kf2 a6 25. Be2 b5 26. Bd4 Rd8 27. Bc5+ Ke8 28. Rxd8+ Bxd8 29. Nd3 Nd7 30. Bd4 f6 31. e5 Kf7 32. exf6 gxf6 33. Nc5 Nxc5 34. bxc5 Bc6 35. Bd3 h6 36. g4 Be7 37. Be3 e5 38. h4 Kg7 39. h5 Bf8 40. Bg6 Be7 41. Bd3 a5 42. Be4 Bxe4 43. fxe4 b4 44. axb4 axb4 45. Ke2 Kf7 46. Kd3 b3 47. Kc3 b2 48. Kxb2 Ke6 49. Kc3 Kd7 50. Kc4 Kc6 51. Kb4 Bf8 52. Kc4 Bg7 53. Kb4 Bf8 54. Kc4 Bg7 55. Kb3 Bf8 56. Ka4 Bg7 57. Ka5 Bf8 58. Ka6 Bg7 59. Ka7 Kc7 60. Ka6 Kc6 61. Ka7 Kc7 62. Bd2 Kc6 63. Be3 1/2-1/2


[Site "https://www.chess.com"]

[Event "Titled Tuesday Blitz July 4 Late 2023"]
[White "Urbina Perez, Juan Antonio"]
[Black "Thiel, Thomas"]
[WhiteFideId "2217368"]
[BlackFideId "4615964"]
[WhiteElo "2400"]
[BlackElo "2211"]
[Result "1-0"]
[Round "3"]
[TimeControl "180+2"]
[Date "2023.07.04"]
[WhiteClock "0:01:02"]
[BlackClock "0:00:29"]
[Board "168"]

1. e4 d5 2. exd5 Nf6 3. d4 Nxd5 4. c4 Nb6 5. c5 Nd5 6. Nc3 g6 7. Bc4 Nxc3 8. bxc3 Bg7 9. Nf3 O-O 10. O-O Nc6 11. h3 Na5 12. Bd3 b6 13. cxb6 axb6 14. Re1 Ba6 15. Bxa6 Rxa6 16. Qe2 Qa8 17. Qxe7 Ra7 18. Bg5 Nc6 19. Qe4 h6 20. Bf4 Na5 21. Qe3 Nc4 22. Qc1 b5 23. Bxh6 Rxa2 24. Rxa2 Qxa2 25. Bxg7 Kxg7 26. Qf4 Qc2 27. Qxc7 Qxc3 28. Kh2 b4 29. Re7 b3 30. Ne5 1-0


[Site "https://www.chess.com"]

[Event "Titled Tuesday Blitz July 4 Late 2023"]
[White "Vega Gutierrez, Sabrina"]
[Black "Francisco_Ferrari"]
[WhiteFideId "2219026"]
[WhiteElo "2399"]
[BlackElo "2191"]
[Result "1-0"]
[Round "3"]
[TimeControl "180+2"]
[Date "2023.07.04"]
[WhiteClock "0:00:19"]
[BlackClock "0:00:03"]
[Board "169"]

1. e4 e5 2. Nf3 Nc6 3. d4 exd4 4. Nxd4 Nf6 5. Nxc6 bxc6 6. Qe2 d6 7. Nc3 Be7 8. Bd2 O-O 9. O-O-O Rb8 10. f3 Be6 11. g4 Qc8 12. g5 Nd7 13. f4 Nc5 14. f5 Qb7 15. b3 Bxb3 16. cxb3 Nxb3+ 17. axb3 Qxb3 18. Re1 Bxg5 19. Qd3 Qa3+ 20. Kd1 Bxd2 21. Kxd2 Rb2+ 22. Ke3 Re8 23. Be2 d5 24. Rhg1 dxe4 25. Qd4 f6 26. Bc4+ Kh8 27. Rc1 c5 28. Qd7 Rf8 29. Qxg7# 1-0


[Site "https://www.chess.com"]